 Dungeon Crawl Stone Soup version 0.26-a0-946-g9485abf61d (webtiles) character file.

Game seed: 5587856996616527392

4543 PentaManta the Martial Artist (level 10, -2/51 HPs)
             Began as a Vine Stalker Monk on Nov 28, 2020.
             Was an Elder of Dithmenos.
             Slain by a lemure (3 damage)
             ... led by Pikel
             ... on level 8 of the Dungeon.
             The game lasted 00:22:20 (8409 turns).

PentaManta the Martial Artist (Vine Stalker Monk)   Turns: 8409, Time: 00:22:22

Health: -2/51      AC:  8    Str: 22    XL:     10   Next: 40%
Magic:  0/11       EV: 15    Int: 10    God:    Dithmenos [****..]
Gold:   393        SH:  0    Dex: 18    Spells: 9/9 levels left

rFire    . . .     SeeInvis +     - Unarmed
rCold    . . .     Faith    .   (no shield)
rNeg     . . .     Spirit   +   n - +0 ring mail
rPois    .         Reflect  .   (no helmet)
rElec    .         Harm     .   u - +0 cloak
rCorr    .         Rampage  .   k - +0 pair of gloves
MR       +....                  (no boots)
Stlth    ++........             (no amulet)
HPRegen  0.57/turn              v - ring of see invisible
MPRegen  0.12/turn              C - +6 ring of strength

@: about to teleport, wreathed by umbra
A: fangs 3, regeneration 1, magic shield, antimagic bite, no potion heal 3, rot
immunity
a: Shadow Step, Renounce Religion


You were on level 8 of the Dungeon.
You worshipped Dithmenos.
Dithmenos was greatly pleased with you.
You visited 2 branches of the dungeon, and saw 10 of its levels.
You also visited: Sewer.

You collected 393 gold pieces.

Inventory:

Hand Weapons
 w - a +2 dagger of protection
 F - a +2 dagger
Missiles
 h - 4 atropa-tipped darts (quivered)
Armour
 k - a +0 pair of gloves (worn)
 m - a +2 crystal plate armour
 n - a +0 ring mail (worn)
 t - a +0 chain mail
 u - a +0 cloak (worn)
 G - a +0 scale mail
 I - a +0 plate armour
Jewellery
 e - an uncursed ring of stealth
 v - a ring of see invisible (left hand)
 C - a +6 ring of strength (right hand)
 D - an uncursed amulet of the acrobat {unknown}
Wands
 a - a wand of iceblast (5)
 c - a wand of flame (12)
Scrolls
 d - 2 scrolls of enchant weapon
 j - a scroll of blinking {unknown}
 l - 2 scrolls of remove curse
 o - 3 scrolls of identify
 x - a scroll of fog
 y - a scroll of amnesia
 E - a scroll of random uselessness {unknown}
 H - a scroll of teleportation
Potions
 b - a potion of brilliance
 f - a potion of flight {unknown}
 g - 4 potions of degeneration {unknown}
 i - 7 potions of heal wounds {unknown}
 p - 3 potions of lignification {unknown}
 q - a potion of resistance {unknown}
 r - 4 potions of haste
 s - a potion of cancellation {unknown}
 z - 3 potions of might {unknown}
 A - a potion of ambrosia {unknown}
 B - a potion of curing {unknown}


   Skills:
 + Level 4.8 Fighting
 + Level 5.2 Armour
 + Level 5.9 Dodging
 - Level 2.4 Stealth
 * Level 11.2 Unarmed Combat


You had 9 spell levels left.
You didn't know any spells.
Your spell library contained the following spells:

 Spells                   Type           Power        Failure   Level
 Animate Skeleton         Necr           #.....       52%         1
 Apportation              Tloc           #.....       52%         1
 Corona                   Hex            #......      52%         1
 Summon Small Mammal      Summ           #...         52%         1


Dungeon Overview and Level Annotations

Branches:
Dungeon (9/15)             Temple (1/1) D:5           Sewer (visited)
   Lair: D:8-11         Orc: D:9-12

Altars:
Ashenzari
Cheibriados
Dithmenos
Elyvilon
Fedhas
Gozag
Hepliaklqana
Kikubaaqudgha
Makhleb
Nemelex Xobeh
Okawaru
Qazlal
Ru
Sif Muna
Trog
Uskayaw
Vehumet
Wu Jian
Xom
Yredelemnul
Zin
The Shining One

Shops:
D:5 [   D:6 =


Innate Abilities, Weirdness & Mutations

You have razor-sharp teeth.
Your natural rate of healing is unusually fast.
When hurt, damage is shared between your health and your magic reserves.
Your bite disrupts and absorbs the magic of your enemies.
Potions cannot restore your health.
You are immune to rotting.


Message History

You punch the orc warrior! Your bite misses the orc warrior.
The orc warrior is severely wounded.
The orc wizard closely misses you. The lemure misses you.
You hit the orc warrior. Your bite misses the orc warrior.
The orc warrior is severely wounded.
The orc misses you.
The orc wizard gestures at you while chanting.
The magic dart hits you!
* * * LOW HITPOINT WARNING * * *
The lemure misses you. The orc warrior completely misses you.
The orc hits you with a +0 flail.
* * * LOW HITPOINT WARNING * * *
You hit the orc warrior. Your bite misses the orc warrior.
The orc warrior is severely wounded.
The orc closely misses you.
The orc wizard points at you and mumbles some strange words.
The magic dart hits you.
* * * LOW HITPOINT WARNING * * *
The lemure hits you.
You die...

#.# #..#......#
#....... #.#
##.#.####.#
#....... #.#
#...# #.#
#....... #.#
##..# #.#
#....... #.#
#..# #.#
#....... #.#
#..# #.#
######## #.#
#..####.# )[#
##oo..#'#######
.[#
#@o..........#
..#
#5o..........#
..#
#............#
..#####
#............#
...>..#
#...........(#
......#
#....#..#'####
......#
#.####..#.#
......# #.#
#..#.# ......#
#.# #).#.#


You could see an orc warrior, a lemure, an orc wizard and 2 orcs.

Vanquished Creatures
  A vampire (D:5)
  Sigmund (D:2)
  Grum (D:8)
  A water moccasin (D:7)
  Duvessa (D:7)
  An ice beast (D:8)
  3 orc warriors
  2 black bears (D:5)
  An ogre (D:6)
  3 phantoms
  3 wolves (D:8)
  3 centaurs
  3 big kobolds (Sewer)
  2 bullfrogs
  2 scorpions
  Dowan (D:7)
  3 killer bees
  13 wights
  A howler monkey (D:5)
  A bullfrog zombie (D:7)
  Crazy Yiuf (D:7)
  A jelly (D:6)
  6 hounds
  5 orc priests
  Jessica (D:2)
  Ijyb (D:4)
  2 iguanas
  10 orc wizards
  6 worker ants
  A howler monkey skeleton (D:5)
  10 adders
  7 gnolls
  2 river rats (Sewer)
  A shadow imp (D:8)
  4 white imps
  An ufetubus (D:8)
  3 oozes
  3 adder skeletons
  8 worms
  A dart slug (D:3)
  5 leopard geckos
  33 orcs
  9 giant cockroaches
  6 hobgoblins
  2 jackals (D:4)
  2 quokkas (D:2)
  10 ball pythons
  11 bats
  4 frilled lizards
  A giant cockroach zombie (D:6)
  11 goblins
  12 kobolds
  14 rats
241 creatures vanquished.

Notes
Turn   | Place    | Note
-------+----------+-------------------------------------------
     0 | D:1      | PentaManta the Vine Stalker Monk began the quest for the
                  | Orb.
     0 | D:1      | Reached XP level 1. HP: 11/11 MP: 2/2
   155 | D:1      | Reached XP level 2. HP: 13/16 MP: 3/3
  1184 | D:2      | Noticed Sigmund
  1193 | D:2      | Killed Sigmund
  1194 | D:2      | Reached skill level 6 in Unarmed Combat
  1194 | D:2      | Reached XP level 3. HP: 12/19 MP: 4/4
  1194 | D:2      | Gained mutation: Your natural rate of healing is unusually
                  | fast. [Vine Stalker growth]
  1194 | D:2      | Reached XP level 4. HP: 15/23 MP: 5/5
  1194 | D:2      | Reached XP level 5. HP: 18/27 MP: 6/6
  1240 | D:2      | Noticed Jessica
  1274 | D:2      | Killed Jessica
  1489 | D:2      | Reached XP level 6. HP: 25/32 MP: 3/7
  2662 | D:4      | Reached skill level 7 in Unarmed Combat
  2670 | D:4      | Reached skill level 1 in Armour
  2850 | D:4      | Noticed Ijyb
  2857 | D:4      | Reached XP level 7. HP: 20/35 MP: 6/8
  2863 | D:4      | Killed Ijyb
  3088 | D:5      | Entered Level 5 of the Dungeon
  3232 | D:5      | Found a staircase to the Ecumenical Temple.
  3240 | Temple   | Entered the Ecumenical Temple
  3504 | Temple   | Became a worshipper of Dithmenos the Shadowed
  3504 | Temple   | Reached * piety under Dithmenos
  3504 | Temple   | Reached ** piety under Dithmenos
  3626 | D:5      | Reached skill level 8 in Unarmed Combat
  3629 | D:5      | Gained mutation: You have razor-sharp teeth. [Vine Stalker
                  | growth]
  3629 | D:5      | Reached XP level 8. HP: 37/39 MP: 9/9
  3898 | D:5      | Found Moonunom's Armour Shop.
  4244 | D:6      | Found a glowing drain.
  4316 | D:6      | Reached skill level 9 in Unarmed Combat
  4336 | Sewer    | Entered a sewer
  4649 | Sewer    | Reached *** piety under Dithmenos
  4757 | Sewer    | Reached XP level 9. HP: 43/43 MP: 10/10
  5400 | D:6      | Found Umiwenev's Jewellery Shop.
  5769 | D:6      | Reached skill level 10 in Unarmed Combat
  6012 | D:7      | Reached skill level 5 in Dodging
  6081 | D:7      | Found a runed translucent door.
  6082 | D:7      | Noticed Crazy Yiuf
  6252 | D:7      | Reached **** piety under Dithmenos
  6730 | D:7      | Noticed Dowan
  6737 | D:7      | Killed Dowan
  6737 | D:7      | Noticed Duvessa
  6745 | D:7      | Killed Duvessa
  7075 | D:7      | Killed Crazy Yiuf
  7076 | D:7      | Reached XP level 10. HP: 47/50 MP: 11/11
  7291 | D:8      | Reached skill level 5 in Armour
  7633 | D:8      | Reached skill level 11 in Unarmed Combat
  7637 | D:8      | HP: 1/51 [orc warrior/+0 halberd (7)]
  7832 | D:8      | Noticed Grum
  7842 | D:8      | Killed Grum
  8034 | D:8      | Found a burning altar of Makhleb.
  8409 | D:8      | HP: 1/51 [orc wizard/magic dart (4)]
  8409 | D:8      | Slain by a lemure

Illustrated notes

Levels and vault maps discovered:
D:1:      dpeg_arrival_erosion, layout_loops_cross
D:2:      layout_rooms, uniq_jessica, uniq_sigmund
D:3:      layout_rooms, minmay_pentangle
D:4:      layout_gridville, uniq_ijyb
D:5:      layout_basic, minmay_temple_entry_drinking_statues, serial_shops, shop
D:6:      layout_rooms, serial_shops, shop, gup_sewer_entry_glass
D:7:      layout_basic, uniq_crazy_yiuf_cottage, uniq_duvessa
D:8:      layout_basic, marbit_many_paths, uniq_grum
D:9:      layout_loops_ring, dpeg_lair_monsters, serial_shops,
          nicolae_shop_overgrown_old_shop, uniq_pikel
Temple:   roderic_octagonal_lattice_temple

Skill      XL: |  1  2  3  4  5  6  7  8  9 10 |
---------------+-------------------------------+-----
Unarmed Combat | 6 7 8 9 10 11 | 11.2
Armour         | 1 2 3 4 5 |  5.2
Dodging        | 3 4 5 |  5.9
Fighting       | 4 |  4.8
Stealth        | |  2.4

Action                   |  1- 3 |  4- 6 |  7- 9 | 10-12 || total
-------------------------+-------+-------+-------+-------++-------
Melee: Unarmed           |    47 |   228 |   455 |   134 ||   864
       Bite              |    11 |    56 |   135 |    54 ||   256
       Punch             |       |     4 |    24 |    13 ||    41
Throw: Dart              |       |       |     3 |       ||     3
Evoke: Wand              |       |       |     2 |       ||     2
  Use: Scroll            |       |     9 |     2 |     1 ||    12
       Potion            |       |       |     1 |       ||     1
 Stab: Sleeping          |     2 |     9 |    11 |     1 ||    23
Armor: Robe              |     2 |    48 |    49 |       ||    99
       Leather armour    |     2 |       |       |       ||     2
       Ring mail         |       |       |    19 |    17 ||    36
Dodge: Dodged            |    28 |   157 |   276 |   136 ||   597

Table legend: (Time is in decaauts)
 A = Elapsed time spent in this place.
 B = Non-inter-level travel time spent in this place.
 C = Inter-level travel time spent in this place.
 D = Time resting spent in this place.
 E = Time spent auto-exploring this place.
 F = Levels seen in this place.
 G = Mean time per level.
                   A        B        C        D        E       F      G
               +--------+--------+--------+--------+--------+-----+--------+
         Total |   8431 |   8067 |    364 |    352 |   5627 |  11 |  766.5 |
       Dungeon |   7290 |   6959 |    331 |    326 |   4860 |   9 |  810.0 |
        Temple |    278 |    245 |     33 |      0 |    239 |   1 |  278.0 |
         Sewer |    862 |    862 |      0 |     26 |    528 |   1 |  862.0 |
               +--------+--------+--------+--------+--------+-----+--------+

Top non-repeatable levels by time:
     D:7: 1362 daAuts
     D:1: 1181 daAuts
     D:5: 1170 daAuts
     D:8: 1049 daAuts
   Sewer: 862 daAuts
     D:3: 741 daAuts
     D:2: 674 daAuts
     D:6: 644 daAuts
     D:4: 458 daAuts
  Temple: 278 daAuts
     D:9: 8 daAuts
